 Dungeon Crawl Stone Soup version 0.23.2-1-ga50397a (webtiles) character file.

Game seed: 3939886777642331

285 MalarOregon the Ruffian (level 6, -1/53 HPs)
             Began as a Ghoul Monk on June 2, 2019.
             Killed from afar by an orc wizard (9 damage)
             ... with a magic dart
             ... on level 3 of the Dungeon.
             The game lasted 00:03:40 (2540 turns).

MalarOregon the Ruffian (Ghoul Monk)                Turns: 2540, Time: 00:03:41

Health: -1/53      AC:  5    Str: 18    XL:     6   Next: 29%
Magic:  4/5        EV: 13    Int:  7    God:
Gold:   140        SH:  0    Dex: 11    Spells: 5/5 levels left

rFire    . . .     SeeInvis .     - Unarmed
rCold    + . .     Gourm    .   (no shield)
rNeg     + + +     Faith    .   a - +0 robe
rPois    ∞         Spirit   .   i - +1 helmet of Dishonour {+Inv Str+3 Slay+3}
rElec    .         Reflect  .   (no cloak)
rCorr    .         Harm     .   l - +0 pair of gloves
MR       .....                  (no boots)
Stlth    ++........             (no amulet)
HPRegen  0.00/turn              (no ring)
MPRegen  0.09/turn              (no ring)

@: very slightly contaminated, rotting, hasted, invisible, very quick
A: rotting body, claws 1, carnivore, cold resistance 1, negative energy
resistance 3, inhibited regeneration, torment resistance, unbreathing
a: no special abilities


You were on level 3 of the Dungeon.
You were not hungry.

You visited 1 branch of the dungeon, and saw 3 of its levels.

You collected 140 gold pieces.

Inventory:

Armour
 a - a +0 robe (worn)
 i - the +1 helmet of Dishonour (worn) {+Inv Str+3 Slay+3}
   (You took it off Robin on level 2 of the Dungeon)

   It affects your strength (+3).
   It affects your accuracy and damage with ranged weapons and melee attacks
   (+3).
   It lets you turn invisible.
 l - a +0 pair of gloves (worn)
   (You found it on level 2 of the Dungeon)
Wands
 o - a wand of clouds (4)
   (You took it off a hobgoblin on level 3 of the Dungeon)
Scrolls
 c - 2 scrolls of immolation {unknown}
 d - 2 scrolls of remove curse {unknown}
 g - a scroll of blinking {unknown}
 j - a scroll of noise {unknown}
 k - a scroll of teleportation {unknown}
Potions
 f - a potion of heal wounds {unknown}
Comestibles
 e - 7 rations {!d}


   Skills:
 + Level 4.6 Fighting
 - Level 3.0 Dodging
 + Level 4.1 Stealth
 * Level 5.7 Unarmed Combat


You had 5 spell levels left.
You didn't know any spells.
Your spell library was empty.

Dungeon Overview and Level Annotations

Branches:
Dungeon (3/15)

Altars:
Nemelex Xobeh
Trog


Innate Abilities, Weirdness & Mutations

Your body is rotting away.
You thrive on raw meat.
You are immune to poison.
You have sharp fingernails.
You are carnivorous and can eat meat at any time.
Your flesh is cold resistant. (rC+)
You are immune to negative energy. (rN+++)
You do not regenerate when monsters are visible.
You are immune to unholy pain and torment.
You can survive without breathing.


Message History

The orc wizard barely misses you. The orc barely misses you.
The orc wizard hits you but does no damage.
The orc priest hits you from afar with a +0 trident!
* * * LOW HITPOINT WARNING * * *
You are too injured to fight recklessly!
You are too injured to fight recklessly!
As you read the scroll labeled DAKKUPL LEWN, it crumbles to dust.
It is a scroll of identify.
h - a potion of haste The orc wizard hits you with a cursed +0 dagger.
* * * LOW HITPOINT WARNING * * *
The orc priest looks encouraged for a moment.
The orc priest calls upon Beogh to heal the orc wizard.
The orc wizard's wounds heal themselves!
You feel yourself speed up.
The orc wizard hits you but does no damage.
The orc misses you.
The orc wizard hits you but does no damage.
The orc misses you.
The orc priest hits you from afar with a +0 trident.
* * * LOW HITPOINT WARNING * * *
The orc priest begins to cast a cantrip, but forgets the words!
The orc wizard mumbles some strange words.
The orc wizard flickers and vanishes!
Deactivating autopickup; reactivate with Ctrl-A.
A puff of flame appears from out of thin air!
The puff of flame misses you.
A puff of flame appears from out of thin air!
The puff of flame hits you!
* * * LOW HITPOINT WARNING * * *
A puff of flame appears from out of thin air!
The puff of flame hits you.
* * * LOW HITPOINT WARNING * * *
It was a potion of invisibility.
You fade into invisibility!
You are very lightly contaminated with residual magic.
Eat one of 3 chunks of flesh? (ye/n/q)
You eat one of the 3 chunks of flesh.
This raw flesh tastes great!
An orc wizard appears from thin air!
Reactivating autopickup.
The orc wizard casts a spell at you. The magic dart hits you.
* * * LOW HITPOINT WARNING * * *
Eat one of 2 chunks of flesh? (ye/n/q)
You eat one of the 2 chunks of flesh.
This raw flesh tastes great!
Eat a chunk of flesh? (ye/n/q)
You eat the chunk of flesh.
This raw flesh tastes great!
The orc wizard casts a spell at something.
The magic dart hits you!
You die...

#.#.# #.# #.##.#.# #.#.#
#.#######.##.#.# #.#.#
#............#..
#.#.####################.######
#.#......................# #...
#.######################## #.##
#.# #.#
#.##########################.#
#........o....@..............##
#######################<.......
#########


You could see an orc wizard.

Vanquished Creatures
  An ogre (D:2)
  A hound (D:2)
  A worker ant (D:3)
  Robin (D:2)
  5 adders
  An ooze (D:1)
  2 worms (D:3)
  3 dart slugs
  A leopard gecko (D:2)
  3 orcs (D:3)
  A ball python (D:1)
  3 giant cockroaches
  16 goblins
  12 hobgoblins
  A jackal (D:1)
  2 quokkas
  6 bats
  6 frilled lizards
  4 kobolds
  10 rats
80 creatures vanquished.

Notes
Turn   | Place    | Note
-------+----------+-------------------------------------------
     0 | D:1      | MalarOregon the Ghoul Monk began the quest for the Orb.
     0 | D:1      | Reached XP level 1. HP: 19/19 MP: 0/0
   252 | D:1      | Reached XP level 2. HP: 26/26 MP: 1/1
   750 | D:1      | Reached XP level 3. HP: 17/31 MP: 2/2
  1167 | D:2      | Reached skill level 4 in Unarmed Combat
  1198 | D:2      | Found a sparkling altar of Nemelex Xobeh.
  1203 | D:2      | Identified the +1 helmet of Dishonour {+Inv Str+3 Slay+3}
  1203 | D:2      | Noticed Robin
  1287 | D:2      | Killed Robin
  1287 | D:2      | Reached XP level 4. HP: 37/40 MP: 3/3
  1690 | D:2      | Noticed an ogre
  1696 | D:2      | Killed an ogre
  1696 | D:2      | Reached skill level 5 in Unarmed Combat
  1696 | D:2      | Reached XP level 5. HP: 32/46 MP: 4/4
  1901 | D:3      | Reached XP level 6. HP: 47/53 MP: 5/5
  1991 | D:3      | Found a bloodstained altar of Trog.
  2531 | D:3      | HP: 2/53 [something/puff of flame (5)]
  2540 | D:3      | Killed from afar by an orc wizard

Skill      XL: |  1  2  3  4  5  6 |
---------------+-------------------+-----
Dodging        | 3 |  3.0
Unarmed Combat | 4 5 |  5.7
Stealth        | 3 4 |  4.1
Fighting       | 4 |  4.6

Action                   |  1- 3 |  4- 6 || total
-------------------------+-------+-------++-------
Melee: Unarmed           |   118 |   134 ||   252
       Punch             |     3 |     5 ||     8
  Use: Potion            |       |     2 ||     2
       Scroll            |       |     1 ||     1
 Stab: Sleeping          |     7 |    10 ||    17
  Eat: Chunk             |     9 |    13 ||    22
Armor: Robe              |     6 |    23 ||    29
Dodge: Dodged            |    72 |    73 ||   145
